 Dungeon Sprint DCSS version 0.25-a0-420-g1cc7eeb0d1 (webtiles) character file.

Game seed: 16640309316040561353, levelgen mode: deterministic

35 Baz the Bolt Thrower (level 3, -1/24 HPs)
             Began as a Kobold Hunter on Jan 18, 2020.
             Was an Initiate of Okawaru.
             Slain by a draconian
             ... wielding a +0 mace
              (7 damage)
             ... in the Dungeon (Sprint V: "Ziggurat Sprint").
             The game lasted 00:03:06 (265 turns).

Baz the Bolt Thrower (Kobold Hunter)                 Turns: 265, Time: 00:03:06

Health: -1/24      AC:  3    Str: 16    XL:     3   Next: 52%
Magic:  3/3        EV: 18    Int: 12    God:    Okawaru [......]
Gold:   0          SH:  0    Dex: 21    Spells: 2/2 levels left

rFire    . . .     SeeInvis +   J - +9 heavy crossbow "Sniper" {vorpal, Acc+∞ SInv}
rCold    . . .     Gourm    .   (shield currently unavailable)
rNeg     . . .     Faith    .   c - +0 leather armour
rPois    .         Spirit   .   (no helmet)
rElec    .         Reflect  .   (no cloak)
rCorr    .         Harm     .   (no gloves)
MR       .....     NoTele   +   (no boots)
Stlth    +++.......             (no amulet)
HPRegen  0.08/turn              C - +6 ring of strength
MPRegen  0.08/turn              y - +6 ring of dexterity

@: no status effects
A: small, carnivore
a: Renounce Religion


You were in the Dungeon.
You worshipped Okawaru.
Okawaru was noncommittal.
You were not hungry.

You visited 1 branch

Inventory:

Hand Weapons
 a - a +1 hand crossbow
 b - a +0 short sword
 J - the +9 heavy crossbow "Sniper" (weapon) {vorpal, Acc+∞ SInv}
   (You found it in the Dungeon)

   Any bolt fired from it inflicts extra damage.
   It lets you see invisible.
 L - a +5 quick blade
 M - a +5 rapier
Missiles
 d - 14 bolts (quivered)
Armour
 c - a +0 leather armour (worn)
 o - +5 shadow dragon scales
 K - a +3 shield
Magical Staves
 H - an uncursed staff of energy
Jewellery
 x - an uncursed ring of flight
 y - a +6 ring of dexterity (right hand)
 z - a +6 ring of dexterity
 A - a +6 ring of intelligence
 B - a +6 ring of intelligence
 C - a +6 ring of strength (left hand)
 D - a +6 ring of strength
Wands
 E - a wand of disintegration (7)
 F - a wand of iceblast (7)
 G - a wand of acid (7)
Scrolls
 k - 4 scrolls of blinking
 r - 4 scrolls of amnesia
 s - 7 scrolls of fog
 t - a scroll of holy word
 u - 5 scrolls of identify
 v - 5 scrolls of remove curse
 w - 2 scrolls of fear
Potions
 e - 10 potions of curing
 g - 10 potions of heal wounds
 h - 6 potions of haste
 i - 7 potions of magic
 j - 3 potions of berserk rage
 l - 2 potions of brilliance
 m - 2 potions of invisibility
 n - 4 potions of resistance
 p - 5 potions of agility
 q - 5 potions of might
Miscellaneous
 I - a crystal ball of energy
Comestibles
 f - 7 rations


   Skills:
 + Level 4.7 Fighting
 - Level 4.0 Short Blades
 + Level 6.7 Crossbows
 + Level 1.3 Armour
 - Level 4.6 Dodging
 + Level 5.6 Stealth


You had 2 spell levels left.
You didn't know any spells.
Your spell library contained the following spells:

 Spells                   Type           Power        Failure   Level  Hunger
 Haunt                    Necr/Summ      #.........   100%        7    #######
 Borgnjor's Revivificati  Necr           #.........   100%        8    #######
 Death's Door             Chrm/Necr      #.........   100%        8    #######
 Infestation              Necr           #.........   100%        8    #######
 Necromutation            Tmut/Necr      #.........   100%        8    #######


Dungeon Overview and Level Annotations

Branches:
Dungeon (1/1)

Altars:
Ashenzari
Cheibriados
Dithmenos
Elyvilon
Fedhas
Gozag
Hepliaklqana
Kikubaaqudgha
Makhleb
Nemelex Xobeh
Okawaru
Qazlal
Ru
Sif Muna
Trog
Uskayaw
Vehumet
Wu Jian
Xom
Yredelemnul
Zin
The Shining One
Beogh
Jiyva
Lugonu

Annotations:
D 1 transporter


Innate Abilities, Weirdness & Mutations

You are small and have problems with some larger weapons.
You are carnivorous and can eat meat at any time.


Message History

You shoot a bolt. The bolt hits the draconian.
The draconian is severely wounded.
The draconian roars! x2
The draconian completely misses you. x2
Firing (i - inventory)
d - 16 bolts (quivered)
Press: ? - help, Shift-Dir - straight line, f/p - draconian
Aim: a draconian, wielding a +0 short sword You shoot a bolt.
The bolt hits the draconian!
The draconian is almost dead.
The draconian barely misses you. The draconian hits you with a +0 mace.
* * * LOW HITPOINT WARNING * * *
The draconian barely misses you.
Unknown command.
Firing (i - inventory)
d - 15 bolts (quivered)
Press: ? - help, Shift-Dir - straight line, f/p - draconian
Aim: a draconian, wielding a +0 short sword You shoot a bolt.
The bolt hits the draconian.
The draconian is lightly wounded.
The draconian hits you with a +0 mace!
You die...

▓▓▓▓▓▓▓▓▓▓▓▓▓
▓.8©8.▓.8©8.▓
▓.:[|.▓.....▓
▓.....▓...=.▓
▓.....▓.....▓
▓..(..▓.....▓
▓.ddd.▓..©..▓
▓..@..▓▓▓▓▓▓▓
▓▓▓▓▓▓▓


You could see 3 draconians.

Vanquished Creatures
  An iron imp (D)
  A bat skeleton (D)
2 creatures vanquished.

Notes
Turn   | Place    | Note
-------+----------+-------------------------------------------
     0 | D        | Baz the Kobold Hunter began the quest for the Orb.
     0 | D        | Reached XP level 1. HP: 12/12 MP: 1/1
     0 | D        | Found a shimmering blue altar of Sif Muna.
     0 | D        | Found a sacrificial altar of Ru.
     0 | D        | Found a bloodstained altar of Trog.
     0 | D        | Found a stormy altar of Qazlal.
     0 | D        | Found an iron altar of Okawaru.
     0 | D        | Found a sparkling altar of Nemelex Xobeh.
     0 | D        | Found a blossoming altar of Fedhas.
     1 | D        | Found the +6 Majin-Bo {vamp, Archmagi MP+6 Int+6}
     1 | D        | Found the +7 great mace "Firestarter" {inner flame, rF++}
     2 | D        | Found a transporter.
     2 | D        | Found an ancient bone altar of Kikubaaqudgha.
     2 | D        | Found a viscous altar of Jiyva.
     2 | D        | Found a corrupted altar of Lugonu.
     2 | D        | Found a hazy altar of Hepliaklqana.
     2 | D        | Found a burning altar of Makhleb.
     2 | D        | Found an opulent altar of Gozag.
    23 | D        | Found the +9 heavy crossbow "Sniper" {vorpal, Acc+∞ SInv}
    23 | D        | Found the +10 dark maul {vorpal}
    23 | D        | Found the +15 Maxwell's patent armour {-Cast -Tele rElec
                  | MR+ rCorr}
    23 | D        | Found the +18 shield of the Gong {rElec rN+ MR+ EV-5}
    23 | D        | Found the cursed +14 obsidian axe {vorpal, +Fly SInv
                  | *Curse}
    25 | D        | Found the +6 shillelagh "Devastator" {shatter}
    25 | D        | Found the +11 plutonium sword {*Contam Stlth-}
    25 | D        | Found the +8 lance "Wyrmbane" {slay drac, rPois rF+ rC+
                  | AC+3}
    25 | D        | Found the +9 sword of Zonguldrok {reap}
    25 | D        | Found the cursed +13 scythe of Curses {drain, *Curse}
    25 | D        | Found the +0 sword of Power
    25 | D        | Found the +7 mace of Variability {chain chaos}
    25 | D        | Found the +7 Singing Sword {vorpal, sonic wave}
    25 | D        | Found the +8 storm bow {elec, penet}
    51 | D        | Reached skill level 6 in Crossbows
    51 | D        | Reached XP level 2. HP: 20/20 MP: 2/2
   102 | D        | Became a worshipper of Warmaster Okawaru
   111 | D        | Entered arena 2.
   111 | D        | Found a transporter.
   127 | D        | Reached skill level 1 in Armour
   127 | D        | Reached skill level 5 in Stealth
   127 | D        | Reached XP level 3. HP: 14/24 MP: 3/3
   259 | D        | Entered arena 3.
   259 | D        | Noticed a draconian
   259 | D        | Noticed a draconian
   259 | D        | Noticed a draconian
   259 | D        | Found a transporter.
   265 | D        | Slain by a draconian

Levels and vault maps discovered:
D:        sprint_v [room_start, room_1, room_2, room_3, room_4, room_5, room_6,
          room_7, room_8, room_9, room_10, room_11, room_12, room_13, room_14,
          room_15, room_16, room_17, room_18, room_19, room_20, room_21,
          room_22, room_23, room_24, room_25, room_26, room_27]

Skill      XL: |  1  2 |
---------------+-------+-----
Fighting       | 4 |  4.7
Short Blades   | 4 |  4.0
Crossbows      | 6 |  6.7
Dodging        | 4 |  4.6
Stealth        | 4 5 |  5.6
Armour         | 1 |  1.3

Action                   || total
-------------------------++-------
Melee: Quick blade       ||    14
 Fire: Heavy crossbow    ||     6
  Use: Potion            ||     1
Armor: Leather armour    ||     2
Dodge: Dodged            ||     9

Table legend:
 A = Non-vault XP
 B = Vault XP
 C = Vault XP percentage of total XP
 D = Non-vault monster count
 E = Vault monster count
 F = Vault count percentage of total count
                 A         B        C        D         E       F
            +---------+---------+-------+---------+---------+-------
      Total |       0 |      41 | 100.0 |       0 |       2 | 100.0
            +---------+---------+-------+---------+---------+-------
          D |       0 |      41 | 100.0 |       0 |       2 | 100.0
            +---------+---------+-------+---------+---------+-------
